 Dungeon Crawl Stone Soup version 0.19.1-1-g22dce08 (webtiles) character file.

2081 theAP the Destroyer (level 9, -25/45 HPs)
             Began as a Deep Elf Conjurer on Jan 8, 2017.
             Was a Believer of Vehumet.
             Killed from afar by Goblin1989's ghost (37 damage)
             ... with a stone arrow
             ... on level 7 of the Dungeon.
             The game lasted 00:21:07 (7346 turns).

theAP the Destroyer (Deep Elf Conjurer)             Turns: 7346, Time: 00:21:08

Health: -25/45     AC:  2    Str:  7    XL:     9   Next: 6%
Magic:  1/24       EV: 15    Int: 22    God:    Vehumet [**....]
Gold:   302        SH:  0    Dex: 15    Spells: 2 memorised, 21 levels left

rFire  . . .     SeeInvis +     (no weapon)
rCold  . . .     Gourm    .     a - +0 robe
rNeg   . . .     Faith    .     (no shield)
rPois  .         Spirit   .     (helmet restricted)
rElec  .         Reflect  .     (no cloak)
rCorr  .         Harm     .     (no gloves)
MR     .....                    (no boots)
Stlth  +.........               (no amulet)
                                h - ring of see invisible
                                r - ring of loudness (curse)

@: no status effects
A: horns 1, repulsion field 1, dopey 1, strong 1, evolution 1, no device heal 1
a: Renounce Religion


You were on level 7 of the Dungeon.
You worshipped Vehumet.
Vehumet was pleased with you.
You were hungry.

You visited 1 branch of the dungeon, and saw 7 of its levels.

You collected 302 gold pieces.

Inventory:

Armour
 a - a +0 robe (worn)
Jewellery
 h - a ring of see invisible (right hand)
 i - an uncursed ring of protection from magic
 r - a cursed ring of loudness (left hand)
Wands
 e - a wand of acid (0/15)
 o - a wand of paralysis (2/24)
Scrolls
 d - 6 scrolls of teleportation
 n - a scroll of blinking
 p - a scroll of fog
 s - a scroll of identify
 t - a scroll of magic mapping
Potions
 g - a potion of brilliance
 j - a potion of might
 k - a potion of ambrosia
 l - 2 potions of curing
 m - 3 potions of agility
 q - a potion of haste
 u - a potion of cancellation
 v - a potion of heal wounds {unknown}
Books
 b - a book of Conjurations

   Spells                             Type                      Level
   a - Magic Dart                     Conjuration                  1
   b - Searing Ray                    Conjuration                  2
   c - Dazzling Spray                 Conjuration/Hexes            3
   d - Fulminant Prism                Conjuration/Hexes            4
   e - Iskenderun's Mystic Blast      Conjuration                  4
   f - Iskenderun's Battlesphere      Conjuration/Charms           5
Comestibles
 c - 3 bread rations
 f - 2 meat rations


   Skills:
 - Level 2.6 Dodging
 - Level 2.4 Stealth
 + Level 9.3 Spellcasting
 * Level 11.4 Conjurations


You had 21 spell levels left.
You knew the following spells:

 Your Spells              Type           Power        Failure   Level  Hunger
a - Magic Dart            Conj           ####         1%          1    None
b - Iskenderun's Mystic   Conj           ######..     1%          4    ##.....


Dungeon Overview and Level Annotations

Branches:
Dungeon (7/15)
 Temple: D:4-7

Altars:
Elyvilon
Fedhas
Makhleb
Vehumet
Yredelemnul

Shops:
D:4 (   D:6 *

Annotations:
D:7 Goblin1989's ghost, novice DDEE


Innate Abilities, Weirdness & Mutations

You have a pair of small horns on your head.
You are surrounded by a mild repulsion field. (EV +2)
You are dopey. (Int -2)
Your muscles are strong. (Str +2)
You evolve.
Potions and wands are less effective at restoring your health.


Message History

The orb of energy hits Goblin1989's ghost.
Goblin1989's ghost is moderately damaged.
Casting: Iskenderun's Mystic Blast
Confirm with . or Enter, or press ? or * to list all spells.
Aiming: Iskenderun's Mystic Blast
Press: ? - help, Shift-Dir - straight line, f/p - Goblin1989's ghost
Aim: Goblin1989's ghost, wielding a weapon of electrocution (moderately damaged)
The orb of energy hits Goblin1989's ghost.
Goblin1989's ghost is heavily damaged.
The orb of energy explodes!
You are feeling hungry.
Goblin1989's ghost misses you.
Goblin1989's ghost gestures at you while chanting.
The wall shatters!
The blast of rock fragments hits you!
* * * LOW HITPOINT WARNING * * *
An iguana comes into view.
Goblin1989's ghost points at you and mumbles some strange words.
The stone arrow hits you!
Ouch! That really hurt!
You die...

##.. l. ... .. ..# .#
..<.. #.#...### .#
#..#.#..# ..#
#[#.....###..#♣♣
#@##....≈≈≈≈≈PPP
#.##.....P≈≈≈≈≈P≈ ≈
#.###...P≈≈≈≈P≈≈P≈
≈≈≈≈♣♣♣W.##....≈P≈P≈≈≈≈≈
...P≈≈≈........≈P≈≈≈≈≈≈≈
...!....###.....≈P≈≈≈≈≈≈
≈......## #...P≈≈P≈≈≈≈≈≈
..≈.≈.. ###...≈≈P≈≈≈≈≈≈≈
≈≈≈≈♣.........≈≈PP≈≈P≈≈≈


You could see an iguana (wandering) and Goblin1989's ghost.

Vanquished Creatures
  Grinder (D:6)
  Sigmund (D:5)
  The ghost of graki42 the Firebug, an amateur DEFE (D:4)
  2 orc warriors (D:6)
  A phantom (D:6)
  3 sky beasts
  A black bear (D:6)
  A centaur (D:5)
  Blork the orc (D:5)
  2 bullfrogs (D:6)
  A wyvern skeleton (D:6)
  2 scorpions (D:4)
  An electric eel (D:7)
  A crimson imp (D:6)
  A centaur zombie (D:5)
  An orc priest (D:6)
  2 bullfrog skeletons
  3 orc wizards (D:6)
  3 worker ants (D:6)
  A hound zombie (D:5)
  3 gnolls (D:5)
  6 adders
  A shadow imp (D:5)
  4 worms
  2 dart slugs
  A leopard gecko (D:1)
  13 orcs
  8 bats
  6 giant cockroaches
  5 goblins
  4 hobgoblins
  8 jackals
  7 kobolds
  2 quokkas
  6 frilled lizards
  7 rats
113 creatures vanquished.

Notes
Turn   | Place    | Note
-------+----------+-------------------------------------------
     0 | D:1      | theAP the Deep Elf Conjurer began the quest for the Orb.
     0 | D:1      | Reached XP level 1. HP: 10/10 MP: 6/6
   211 | D:1      | Reached XP level 2. HP: 9/15 MP: 1/8
   444 | D:1      | Reached skill level 5 in Conjurations
  1122 | D:1      | Reached XP level 3. HP: 17/19 MP: 7/10
  1418 | D:2      | Found a radiant altar of Vehumet.
  1423 | D:2      | Became a worshipper of Vehumet
  2073 | D:3      | Reached XP level 4. HP: 24/24 MP: 8/11
  2106 | D:3      | Reached * piety under Vehumet
  2106 | D:3      | Offered knowledge of Sandblast by Vehumet.
  2112 | D:3      | Learned a level 4 spell: Iskenderun's Mystic Blast
  2776 | D:4      | Noticed graki42's ghost (amateur DEFE)
  2784 | D:4      | Killed graki42's ghost
  2784 | D:4      | Reached skill level 6 in Conjurations
  2784 | D:4      | Reached XP level 5. HP: 28/28 MP: 9/14
  2838 | D:4      | Noticed a sky beast
  2848 | D:4      | Killed a sky beast
  2848 | D:4      | Reached skill level 5 in Spellcasting
  2848 | D:4      | Reached skill level 7 in Conjurations
  2848 | D:4      | Reached XP level 6. HP: 17/32 MP: 5/16
  2853 | D:4      | Gained mutation: You evolve. [mutagenic meat]
  2854 | D:4      | Gained mutation: Your muscles are strong. (Str +2) [mutagenic meat]
  2855 | D:4      | Gained mutation: You are surrounded by a mild repulsion field. (EV +2) [mutagenic meat]
  2926 | D:4      | Found Kuyr Aleshac's Weapon Emporium.
  3890 | D:5      | Entered Level 5 of the Dungeon
  3908 | D:5      | Noticed Sigmund
  3912 | D:5      | Killed Sigmund
  3912 | D:5      | Reached skill level 8 in Conjurations
  3912 | D:5      | Reached XP level 7. HP: 31/36 MP: 1/18
  4452 | D:5      | Noticed Blork the orc
  4460 | D:5      | Killed Blork the orc
  4768 | D:5      | Reached skill level 9 in Conjurations
  5142 | D:6      | Noticed Grinder
  5148 | D:6      | Paralysed by Grinder for 3 turns
  5154 | D:6      | Killed Grinder
  5154 | D:6      | Offered knowledge of Shock by Vehumet.
  5154 | D:6      | Reached XP level 8. HP: 34/41 MP: 2/21
  5560 | D:6      | Reached skill level 10 in Conjurations
  5745 | D:6      | Reached ** piety under Vehumet
  6104 | D:6      | Found a basalt altar of Yredelemnul.
  6277 | D:6      | Found a burning altar of Makhleb.
  6310 | D:6      | HP: 1/41 [worker ant (8)]
  6548 | D:6      | Found a white marble altar of Elyvilon.
  6857 | D:6      | Found Gysyo's Assorted Antiques.
  6877 | D:6      | Reached skill level 11 in Conjurations
  6911 | D:6      | HP: 2/41 [orc wizard/dagger (3)]
  6967 | D:6      | Gained mutation: Potions and wands are less effective at restoring your health. [mutagenic meat]
  6968 | D:6      | Gained mutation: You are dopey. (Int -2) [mutagenic meat]
  6969 | D:6      | Gained mutation: You have a pair of small horns on your head. [mutagenic meat]
  7155 | D:6      | Reached XP level 9. HP: 45/45 MP: 9/24
  7163 | D:6      | Found a blossoming altar of Fedhas.
  7336 | D:7      | Noticed Goblin1989's ghost (novice DDEE)
  7346 | D:7      | Killed from afar by Goblin1989's ghost

Skill      XL: |  1  2  3  4  5  6  7  8 |
---------------+-------------------------+-----
Conjurations   | 5 6 7 8 9 11 | 11.4
Spellcasting   | 4 5 6 7 9 |  9.3
Dodging        | |  2.6
Stealth        | |  2.4

Action                   |  1- 3 |  4- 6 |  7- 9 || total
-------------------------+-------+-------+-------++-------
Melee: Unarmed           |    16 |       |    19 ||    35
 Cast: Magic Dart        |    96 |    47 |    42 ||   185
       Iskenderun's Myst |       |    10 |    79 ||    89
Evoke: Wand              |       |       |    10 ||    10
  Use: Scroll            |     8 |     1 |     8 ||    17
       Potion            |       |       |     3 ||     3
  Eat: Chunk             |     3 |     8 |    13 ||    24
       Pizza             |       |     1 |       ||     1
       Beef jerky        |       |       |     1 ||     1
       Meat ration       |       |       |     1 ||     1
Armor: Robe              |    11 |       |     2 ||    13
Dodge: Dodged            |    22 |     4 |    42 ||    68
